 Dungeon Crawl Stone Soup version 0.27.0 (webtiles) character file.

Game seed: 3446560144478526962

949 frimble the Ruffian (level 7, -8/67 HPs)
             Began as a Troll Warper on July 31, 2021.
             Mangled by an orc warrior (14 damage)
             ... on level 6 of the Dungeon.
             The game lasted 00:04:34 (4180 turns).

frimble the Ruffian (Troll Warper)                  Turns: 4180, Time: 00:04:34

Health: -8/67      AC:  5    Str: 20    XL:     7   Next: 90%
Magic:  9/9        EV: 10    Int: 11    God:
Gold:   294        SH:  0    Dex:  9    Spells: 11/11 levels left

rFire    . . .     SeeInvis .     - Unarmed
rCold    . . .     Faith    .   (no shield)
rNeg     . . .     Spirit   .   a - +0 robe
rPois    .         Reflect  .   (helmet restricted)
rElec    .         Harm     .   i - +0 cloak
rCorr    .         Rampage  .   (gloves unavailable)
Will     .....                  (boots unavailable)
Stlth    +.........             (no amulet)
HPRegen  1.21/turn              (no ring)
MPRegen  0.11/turn              (no ring)

@: no status effects
A: large, unfitting armour, claws 3, regeneration 1, shaggy fur 1, tough skin 1
a: no special abilities


You were on level 6 of the Dungeon.
You visited 1 branch of the dungeon, and saw 6 of its levels.

You collected 294 gold pieces.

Inventory:

Missiles
 c - 7 boomerangs of dispersal
 m - 4 boomerangs (quivered)
 r - 12 sling bullets
Armour
 a - a +0 robe (worn)
 i - a +0 cloak (worn)
Jewellery
 A - a +6 ring of intelligence
Wands
 y - a wand of iceblast (5)
Scrolls
 b - a scroll of blinking
 e - 3 scrolls of summoning {unknown}
 g - a scroll of amnesia {unknown}
 h - 2 scrolls of immolation
 k - 2 scrolls of fear {unknown}
 p - a scroll of silence {unknown}
 s - 4 scrolls of identify {unknown}
 t - a scroll of enchant armour {unknown}
 v - a scroll of acquirement {unknown}
 w - a scroll of noise {unknown}
Potions
 d - 2 potions of invisibility {unknown}
 f - 4 potions of lignification {unknown}
 j - a potion of attraction {unknown}
 l - a potion of haste {unknown}
 n - a potion of resistance {unknown}
 o - a potion of cancellation {unknown}
 q - a potion of flight {unknown}
 u - a potion of heal wounds {unknown}
 x - a potion of berserk rage {unknown}
 z - a potion of curing {unknown}
 B - a potion of might {unknown}


   Skills:
 + Level 3.4 Fighting
 + Level 3.4 Throwing
 + Level 3.0 Dodging
 + Level 4.2 Unarmed Combat
 + Level 2.6 Spellcasting
 + Level 3.6 Translocations


You had 11 spell levels left.
You didn't know any spells.
Your spell library contained the following spells:

 Spells                   Type           Power      Damage    Failure   Level
 Blink                    Tloc           N/A        N/A       10%         2
 Gell's Gravitas          Tloc           4%         N/A       19%         3
 Lesser Beckoning         Tloc           4%         N/A       19%         3
 Teleport Other           Tloc           9%         N/A       19%         3
 Corona                   Hex            1%         N/A       28%         1
 Ensorcelled Hibernation  Hex/Ice        2%         N/A       38%         2
 Tukima's Dance           Hex            1%         N/A       63%         3
 Manifold Assault         Tloc           9%         N/A       86%         5


Dungeon Overview and Level Annotations

Branches:
Dungeon (6/15)             Temple (0/1) D:6

Altars:
Makhleb

Shops:
D:2 :   D:4 =


Innate Abilities, Weirdness & Mutations

You are too large for most types of armour.
You have claws for hands.
Your natural rate of healing is unusually fast.
You are covered in fur. (AC +1)
You have tough skin. (AC +1)


Message History

The centaur zombie kicks you but does no damage.
The orc moves out of view.
You bump into the rock wall.
The orc warrior hits you with a +0 short sword!
The centaur zombie hits you but does no damage.
The centaur zombie kicks you but does no damage.
An orc comes into view. It is wielding a +0 trident.
The orc shouts!
You miss something.
The centaur zombie hits you but does no damage.
The centaur zombie kicks you but does no damage.
Something hits you but does no damage.
The orc warrior hits you but does no damage.
The centaur zombie hits you. The centaur zombie barely misses you.
Something hits you. The centaur zombie hits you. The centaur zombie kicks you.
You miss the orc.
You feel less confused. The orc closely misses you. Something hits you.
The orc warrior barely misses you. The centaur zombie barely misses you.
The centaur zombie kicks you but does no damage.
The orc closely misses you. The orc misses you.
You barely miss the orc. The centaur zombie hits you.
The centaur zombie closely misses you. The orc hits you but does no damage.
Something hits you.
* * * LOW HITPOINT WARNING * * *
The orc warrior hits you with a +0 short sword!
* * * LOW HITPOINT WARNING * * *
The orc barely misses you.
The orc priest miscasts a cantrip.
You claw the orc!
You kill the orc!
The centaur zombie hits you but does no damage.
The centaur zombie kicks you.
* * * LOW HITPOINT WARNING * * *
The orc barely misses you. The orc hits you with a +0 whip.
* * * LOW HITPOINT WARNING * * *
Something hits you.
* * * LOW HITPOINT WARNING * * *
The orc warrior hits you with a +0 short sword!
You die...

. #..)).....##............#
.......##†....###..†........#
o...... #...### #...........#
....... #...# #...........#
....#.###...## #...........#
!............# ##...........#
#####.#.....o# #...###......#
.......Zo# #.⌠.# #......#
##..###o@###...###......#
#..###{o)........#######
#....<.o.⌠..>..⌠.#
#.#####..........#
.......###...#### ######.#
#.⌠.# ..# #...# ###. #.### .
..#


You could see an orc warrior, an orc priest, 3 orcs and a centaur zombie.

Vanquished Creatures
  Edmund (D:4)
  3 necrophages
  2 ogres
  A scorpion (D:5)
  A howler monkey (D:6)
  A bullfrog zombie (D:5)
  A jelly (D:5)
  2 hounds
  An iguana (D:6)
  4 adders
  A shadow imp (D:6)
  An adder skeleton (D:4)
  A worm (D:2)
  3 dart slugs
  10 orcs
  7 bats
  9 endoplasms
  2 giant cockroaches
  12 goblins
  8 hobgoblins
  11 jackals
  4 kobolds
  6 quokkas
  5 ball pythons
  A frilled lizard (D:1)
  6 rats
104 creatures vanquished.

Notes
Turn   | Place    | Note
-------+----------+-------------------------------------------
     0 | D:1      | frimble the Troll Warper began the quest for the Orb.
     0 | D:1      | Reached XP level 1. HP: 19/19 MP: 1/1
    30 | D:1      | Reached skill level 1 in Throwing
    37 | D:1      | Reached XP level 2. HP: 26/28 MP: 2/2
   272 | D:1      | Found a faded altar of an unknown god.
   397 | D:1      | Reached XP level 3. HP: 28/35 MP: 4/4
  1079 | D:2      | Found a burning altar of Makhleb.
  1352 | D:2      | Found Haplaxt's Book Emporium.
  1602 | D:3      | Reached XP level 4. HP: 42/42 MP: 5/5
  2198 | D:4      | Found Ywytha Jelo's Jewellery Boutique.
  2619 | D:4      | Noticed a necrophage
  2637 | D:4      | Killed a necrophage
  2638 | D:4      | Reached skill level 3 in Unarmed Combat
  2638 | D:4      | Reached XP level 5. HP: 27/50 MP: 6/6
  3089 | D:5      | Entered Level 5 of the Dungeon
  3153 | D:5      | Reached XP level 6. HP: 59/59 MP: 8/8
  3173 | D:5      | Noticed Edmund
  3263 | D:4      | Killed Edmund
  3411 | D:5      | Reached XP level 7. HP: 67/67 MP: 9/9
  3906 | D:5      | Reached skill level 4 in Unarmed Combat
  4056 | D:6      | Found a staircase to the Ecumenical Temple.
  4180 | D:6      | Mangled by an orc warrior

Illustrated notes

Levels and vault maps discovered:
D:1:      nzn_arrival_water_spiral, layout_rooms,
          hellmonk_ecumenical_altar_blasted
D:2:      layout_loops_corners, serial_shops, shop, basic_altar
D:3:      layout_basic, minmay_goblin_kobold_house
D:4:      layout_loops_corners, serial_shops, shop, patterned_corridor
D:5:      layout_cave_pods, serial_bayou_crossing, uniq_edmund
D:6:      minmay_klotski, layout_basic, minmay_temple_entry_junction

Skill      XL: |  1  2  3  4  5  6  7 |
---------------+----------------------+-----
Throwing       | 1 2 3 |  3.4
Dodging        | 2 3 |  3.0
Fighting       | 2 3 |  3.4
Unarmed Combat | 3 4 |  4.2
Spellcasting   | 2 |  2.6
Translocations | 3 |  3.6

Action                   |  1- 3 |  4- 6 |  7- 9 || total
-------------------------+-------+-------+-------++-------
Melee: Unarmed           |   134 |   135 |    74 ||   343
       Punch             |       |     1 |     2 ||     3
Throw: Boomerang         |       |     6 |    10 ||    16
 Stab: Sleeping          |       |     1 |       ||     1
Armor: Robe              |    43 |    38 |    31 ||   112
Dodge: Dodged            |    85 |    77 |    42 ||   204
